 Dungeon Crawl Stone Soup version 0.15.2 (webtiles) character file.

193 JackS81 the Poker (level 5, -4/38 HPs)
             Began as a Merfolk Death Knight on Sept 22, 2017.
             Was a Priest of Yredelemnul.
             Slain by an iguana (6 damage)
             ... on Level 4 of the Dungeon.
             The game lasted 00:13:25 (2543 turns).

JackS81 the Poker (Merfolk Death Knight)            Turns: 2543, Time: 00:13:25

HP  -4/38        AC  4     Str 14      XL: 5   Next: 72%
MP  10/10        EV 11     Int 10      God: Yredelemnul [***...]
Gold 126         SH  0     Dex 14      Spells:  0 memorised,  4 levels left

rFire  . . .     SeeInvis .     a - +1 spear
rCold  . . .     Clarity  .     b - +0 leather armour
rNeg   . . .     rCorr    .     (no shield)
rPois  .         rRot     .     d - +0 helmet
rElec  .         Spirit   .     (no cloak)
SustAb .         Warding  .     (no gloves)
rMut   .         Stasis   .     (no boots)
Gourm  .                        (no amulet)
MR     .....                    (no ring)
                                (no ring)

@: not resistant to hostile enchantments, very unstealthy
A: change form in water, swift swim
a: Animate Dead, Recall Undead Slaves, Injury Mirror, Renounce Religion


You were on level 4 of the Dungeon.
You worshipped Yredelemnul.
Yredelemnul was most pleased with you.
You were not hungry.

You visited 1 branch of the dungeon, and saw 4 of its levels.

You collected 126 gold pieces.

Inventory:

Hand weapons
 a - a +1 spear (weapon)
 q - a +0 hunting sling of flaming
Missiles
 f - 7 poisoned needles
 l - 57 stones (quivered)
 t - 19 arrows
Armour
 b - a +0 leather armour (worn)
 d - a +0 helmet (worn)
 e - a +0 plate armour
Comestibles
 c - 5 bread rations
 p - 2 meat rations
 r - 2 chunks of hobgoblin flesh
 s - a royal jelly
Scrolls
 g - 2 scrolls of teleportation {unknown}
 h - a scroll of enchant weapon {unknown}
 i - 4 scrolls of identify {unknown}
 m - 2 scrolls of remove curse {unknown}
 n - a scroll of random uselessness {unknown}
 o - a scroll of fog {unknown}
Potions
 j - a potion of magic {unknown}
 k - a potion of curing


   Skills:
 - Level 2.1 Fighting
 * Level 5.9 Polearms
 - Level 0.6 Armour
 - Level 1.3 Dodging
 + Level 5.3 Invocations


You had 4 spell levels left.
You didn't know any spells.

Dungeon Overview and Level Annotations

Branches:
Dungeon (4/15)
 Temple: D:4-7

Altars:


Message History

Your worker ant zombie bites the iguana.
You closely miss the iguana.
The iguana is almost dead.
The iguana bites you!
* * * LOW HITPOINT WARNING * * *
Your worker ant zombie completely misses the iguana.
You hit the iguana but do no damage.
The iguana is almost dead.
The iguana bites you!
* * * LOW HITPOINT WARNING * * *
You hit the iguana but do no damage.
The iguana is almost dead.
Your worker ant zombie barely misses the iguana.
Your worker ant zombie barely misses the iguana.
You completely miss the iguana.
The iguana is almost dead.
Your worker ant zombie bites the iguana but does no damage.
The iguana bites you.
You die...
Your body rises from the dead as a mindless zombie.

#.# #.########.##### #.# #.#
#.....# #.# ##+# #..##)# ####.#
##...# #..##.# #....# #.....#
#.....# ##.#### .......## ##.#..#
#...####.........####.....#####.#
....<).+........lZ<..............
#...####........@##.......>.###..
##.## #.......###.##.#.##.# ...#
#.....# #.####.##.# .#.# ##...#
#.# #..##.# .#.# ##+# #.# #.###.#
#.# #.###.###.# ..# #.........#
### #####.##### #.#


You could see an iguana and a friendly worker ant zombie.

Vanquished Creatures
  An orc priest (D:3)
  A worker ant (D:4)
  3 adders
  2 worms (D:3)
  A giant gecko (D:2)
  An ooze (D:2)
  3 orcs (D:3)
  5 giant cockroaches
  6 hobgoblins
  10 jackals
  7 kobolds
  2 quokkas (D:3)
  A ball python (D:1)
  8 bats
  4 giant newts
  11 goblins
  25 rats
91 creatures vanquished.

Vanquished Creatures (collateral kills)
  2 adders
  A giant gecko (D:3)
  An orc (D:3)
  A giant cockroach (D:3)
  A jackal (D:2)
6 creatures vanquished.

Vanquished Creatures (others)
  A worm zombie (D:3)
  A bat zombie (D:1)
  A goblin zombie (D:4)
  2 kobold zombies
  An orc skeleton (D:3)
  3 orc zombies (D:3)
9 creatures vanquished.

Grand Total: 106 creatures vanquished

Notes
Turn   | Place    | Note
--------------------------------------------------------------
     0 | D:1      | JackS81, the Merfolk Death Knight, began the quest for the Orb.
     0 | D:1      | Reached XP level 1. HP: 16/16 MP: 2/2
   267 | D:1      | Reached XP level 2. HP: 16/22 MP: 4/4
   845 | D:2      | Reached XP level 3. HP: 27/27 MP: 5/5
   875 | D:2      | Reached skill level 4 in Invocations
  1017 | D:2      | Acquired Yredelemnul's second power
  1217 | D:2      | Reached XP level 4. HP: 23/33 MP: 7/7
  1534 | D:3      | Reached skill level 5 in Invocations
  1863 | D:3      | Reached XP level 5. HP: 32/38 MP: 9/9
  1918 | D:3      | Reached skill level 5 in Polearms
  2418 | D:4      | Acquired Yredelemnul's third power
  2540 | D:4      | HP: 1/38 [iguana (10)]
  2543 | D:4      | Slain by an iguana

Action                   |  1- 3 |  4- 6 || total
-------------------------+-------+-------++-------
Melee: Spear             |   201 |   187 ||   388
Throw: Stone             |     3 |       ||     3
Invok: Animate Remains   |     3 |     9 ||    12
       Injury Mirror     |     1 |       ||     1
       Recall Undead Sla |     1 |       ||     1
       Animate Dead      |       |     2 ||     2
  Use: Potion            |     3 |     3 ||     6
 Stab: Sleeping          |     1 |       ||     1
       Distracted        |     1 |       ||     1
  Eat: Chunk             |     1 |     6 ||     7
